Map: [ESL] Data-C

Players

Reaper

  • Race: Terran Terran
  • Spawn Location: 3:00

Nina - Winner!

  • Race: Protoss Protoss
  • Spawn Location: 9:00

Event: DreamHack SC2 Masters 2022 Atlanta (Online)

VOD

Have the link to the VOD?

Description

Time

  • Played on: Oct. 4, 2022, 5:04 p.m.
  • Length: 6:17

All games in this series

Show
View Real Time Build Order
Export as new Build Order

Reaper Terran 

Build Orders:  

Get SALT Encoding   

  12  0:00  SCV  
  13  0:13  SCV  
  14  0:17  Supply Depot  
  14  0:25  SCV  
  15  0:40  Barracks  
  15  0:44  Refinery  
  15  0:57  Barracks  
  15  1:05  Refinery  
  15  1:14  SCV  
  16  1:29  Reaper  
  17  1:35  Barracks  
  17  1:45  Reaper  
  18  1:57  Barracks  
  18  2:03  Reaper  
  19  2:14  Supply Depot  
  18  2:31  Reaper  
  18  2:32  Reaper  
  20  2:43  Reaper  
  21  2:56  Reaper  
  22  3:03  Reaper  
  23  3:06  Reaper  
  24  3:15  Reaper  
  25  3:29  Reaper  
  26  3:35  Reaper  
  27  3:47  Reaper  
  25  3:56  SCV  
  26  4:08  Barracks Reactor  
  23  4:13  Barracks Tech Lab  
  23  4:15  Barracks Reactor  
  23  4:33  Marine  
  23  4:34  Stimpack  
  24  4:42  Orbital Command  
  24  4:45  Marine  
  24  4:50  Marine  
  26  4:57  Marine  
  27  5:01  Marine  
  27  5:02  Marine  
  29  5:12  Marine  
Show
View Real Time Build Order
Export as new Build Order

Nina Protoss - Winner!

Build Orders: 1 Gate Expand, Oracle Opening 

Get SALT Encoding   

  12  0:00  Probe  
  13  0:12  Probe  
  14  0:18  Pylon  
  14  0:24  Probe (Chrono Boost)  
  15  0:36  Probe (Chrono Boost)  
  15  0:39  Gateway  
  16  0:45  Probe (Chrono Boost)  
  16  0:48  Assimilator  
  17  0:51  Probe  
  18  1:03  Probe  
  19  1:15  Probe  
  20  1:28  Cybernetics Core  
  20  1:38  Nexus  
  20  1:45  Pylon  
  20  1:47  Probe  
  21  1:54  Assimilator  
  21  1:59  Probe  
  22  2:03  Adept (Chrono Boost)  
  24  2:13  Probe  
  25  2:22  Stargate  
  25  2:27  Probe  
  25  2:29  Adept (Chrono Boost)  
  26  2:39  Probe  
  26  2:43  Warp Gate  
  27  2:48  Pylon  
  27  2:51  Probe  
  28  2:54  Probe  
  29  2:59  Adept  
  29  3:03  Probe  
  32  3:11  Oracle (Chrono Boost)  
  32  3:14  Probe  
  32  3:15  Probe  
  37  3:24  Shield Battery  
  37  3:30  Adept  
  39  3:36  Probe  
  38  3:52  Oracle (Chrono Boost)  
  38  3:53  Probe  
  42  4:00  Adept  
  43  4:03  Probe  
  43  4:06  Probe  
  45  4:11  Gateway  
  45  4:15  Probe  
  46  4:20  Pylon  
  46  4:37  Oracle (Chrono Boost)  
  46  4:38  Probe x2  
  51  4:43  Twilight Council  
  51  4:50  Probe x2  
  53  5:02  Probe  
  53  5:05  Pylon  
  54  5:08  Pylon  
  54  5:20  Probe x2  
  54  5:24  Pylon  
  54  5:27  Pylon  
  54  5:32  Probe x2, Stalker x2  
  60  5:42  Gateway  
  60  5:44  Probe x2  
  60  5:46  Gateway  
  60  5:55  Stalker x2  
  61  5:57  Probe x2  
Tags
 
Add a new tag
Caveats
  • Supply blocks, unpowered buildings, or Contaminate may cause inaccurate times.
  • Supply counts are checked every 10 seconds.